 Dungeon Crawl Stone Soup version 0.30-a0-2-gf48d83f5e2 (webtiles) character file.

Game seed: 4786065397559513675

225604 sanka the Prince of Secrets (level 19, -4/159 HPs)
             Began as a Gnoll Conjurer on Aug 18, 2022.
             Was a High Priest of Ashenzari.
             Killed from afar by a merfolk aquamancer (10 damage)
             ... with a ball of steam
             ... on level 4 of the Shoals on Aug 19, 2022.
             The game lasted 02:04:07 (66972 turns).

sanka the Prince of Secrets (Gnoll Conjurer)       Turns: 66972, Time: 02:04:07

Health: -4/159     AC: 16    Str:  5 (7)  XL:     19   Next: 33%
Magic:  5/40       EV: 18    Int: 28      God:    Ashenzari [*****.]
Gold:   1772       SH: 12    Dex: 11      Spells: 29/53 levels left

rFire   + . .      SeeInvis +    a - +1 broad axe (flame)
rCold   . . .      Faith    .    V - +0 buckler "Paranoia of Ashenzari" {Cun, Bglg} (curse)
rNeg    . . .      Spirit   .    m - +2 robe "Unveiling Trepidation" {Will+, Range, Bglg} (curse)
rPois   .          Reflect  +    N - +2 helmet of the Gnostic Regret {SInv, Elem, Comp} (curse)
rElec   +          Harm     .    f - scarf of Curses and Power {shadows, Bglg, Self} (curse)
rCorr   .          Rampage  .    d - +0 pair of gloves
Will    ++...      Clarity  +    x - +0 pair of boots "Thunder Perfect Mind" {Fort, Self} (curse)
Stlth   ++++++....               j - amulet of the Mantic Autotheism {Reflect SH+5, Bglg, Elem} (curse)
HPRegen 0.36/turn                H - ring "Circumscribed Negation" {AC+4, Bglg, Melee} (curse)
MPRegen 0.27/turn                J - ring of the Esoteric Augurer {rElec rF+ Int+3 Slay+2, Alch, Elem} (curse)

@: no status effects
A: fangs 1, strong nose, distributed training
}: 1/15 runes: gossamer
a: Renounce Religion, Curse Item, Shatter the Chains


You were on level 4 of the Shoals.
You worshipped Ashenzari.
Ashenzari was extremely pleased with you.
You visited 6 branches of the dungeon, and saw 31 of its levels.
You also visited: Sewer and Volcano.

You collected 2882 gold pieces.
You spent 1110 gold pieces at shops.


Innate Abilities, Weirdness & Mutations

You have very sharp teeth.
Your uncanny sense of smell can sniff out nearby items.
Your experience applies equally to all skills.


   Skills:
 + Level 13.3(16.7) Fighting
 + Level 13.3(15.5) Short Blades
 + Level 13.3(15.5) Long Blades
 + Level 13.3(15.5) Axes
 + Level 13.3(15.5) Maces & Flails
 + Level 13.3(15.5) Polearms
 + Level 13.3(15.5) Staves
 + Level 13.3(15.5) Ranged Weapons
 + Level 13.3(15.5) Throwing
 + Level 13.3(15.5) Armour
 + Level 14.0(16.2) Dodging
 + Level 13.9(16.1) Stealth
 + Level 13.3(15.5) Shields
 + Level 13.3(15.5) Unarmed Combat
 + Level 14.2(17.5) Spellcasting
 + Level 13.2(19.6) Conjurations
 + Level 11.3(17.7) Hexes
 + Level 11.3(13.6) Summonings
 + Level 11.3(13.6) Necromancy
 + Level 11.3(17.7) Translocations
 + Level 11.3(13.6) Transmutations
 + Level 11.3(15.8) Fire Magic
 + Level 11.3(15.8) Ice Magic
 + Level 11.3(15.8) Air Magic
 + Level 11.3(15.8) Earth Magic
 + Level 11.3(13.6) Poison Magic
 + Level 14.4 Invocations
 + Level 13.3 Evocations


You had 29 spell levels left.
You knew the following spells:

 Your Spells              Type           Power      Damage    Failure   Level
c - Stone Arrow           Conj/Erth      100%       3d13      0%          3
v - Iron Shot             Conj/Erth      44%        9d9       1%          6
x - Searing Ray           Conj           100%       2d8       0%          2
z - Magic Dart            Conj           100%       1d8       0%          1
N - Passwall              Tmut/Erth      68%        N/A       0%          2
X - Conjure Ball Lightni  Conj/Air       44%        3x3d15    1%          6
Z - Fulminant Prism       Conj/Hex       46%        3d21      0%          4

Your spell library contained the following spells:

 Spells                   Type           Power      Damage    Failure   Level
 Apportation              Tloc           100%       N/A       0%          1
 Beastly Appendage        Tmut           100%       N/A       0%          1
 Necrotise                Necr           100%       1d9       0%          1
 Sandblast                Erth           100%       2d20      0%          1
 Shock                    Conj/Air       100%       1d9       0%          1
 Slow                     Hex            100%       N/A       0%          1
 Summon Small Mammal      Summ           100%       N/A       0%          1
 Blink                    Tloc           100%       N/A       0%          2
 Static Discharge         Conj/Air       89%        3-15/arc  0%          2
 Wereblood                Tmut           79%        N/A       0%          2
 Confusing Touch          Hex            89%        N/A       0%          3
 Conjure Flame            Conj/Fire      89%        6-21      0%          3
 Dazzling Flash           Conj/Hex       100%       N/A       0%          3
 Frozen Ramparts          Ice            100%       1d16      0%          3
 Lesser Beckoning         Tloc           89%        N/A       0%          3
 Summon Guardian Golem    Hex/Summ       84%        N/A       0%          3
 Iskenderun's Mystic Bla  Conj/Tloc      92%        2d18      0%          4
 Sticky Flame             Conj/Fire      89%        2d10      0%          4
 Call Canine Familiar     Summ           79%        N/A       1%          3
 Spider Form              Tmut/Pois      79%        N/A       1%          3
 Vampiric Draining        Necr           79%        2d11      1%          3
 Airstrike                Air            42%        2d(7-23)  1%          4
 Ice Form                 Ice/Tmut       82%        N/A       1%          4
 Summon Ice Beast         Ice/Summ       82%        N/A       1%          4
 Summon Lightning Spire   Summ/Air       82%        N/A       1%          4
 Lightning Bolt           Conj/Air       44%        1d64      1%          5
 Manifold Assault         Tloc           89%        N/A       1%          5
 Dispersal                Tloc           44%        N/A       1%          6
 Summon Hydra             Summ           39%        N/A       7%          7
 Discord                  Hex            44%        N/A       10%         8
 Disjunction              Tloc           44%        N/A       10%         8
 Ignition                 Fire           42%        3d12      21%         8
 Maxwell's Capacitive Co  Air            42%        ∞         21%         8

Inventory:

Hand Weapons
 a - a +1 broad axe of flaming (weapon)
 b - a +0 dagger
Missiles
 o - 14 curare-tipped darts {=f}
 T - 6 throwing nets {=f}
Armour
 d - a +0 pair of gloves (worn)
 f - the cursed scarf of Curses and Power (worn) {shadows, Bglg, Self}

   It has a curse which improves the following skills: Beguiling: Conjurations,
   Hexes and Translocations.
   Introspection: Fighting and Spellcasting.
 m - the cursed +2 robe "Unveiling Trepidation" (worn) {Will+, Range, Bglg}

   It has a curse which improves the following skills: Ranged Combat: Ranged
   Weapons and Throwing.
   Beguiling: Conjurations, Hexes and Translocations.
 x - the cursed +0 pair of boots "Thunder Perfect Mind" (worn) {Fort, Self}

   It has a curse which improves the following skills: Fortitude: Armour and
   Shields.
   Introspection: Fighting and Spellcasting.
 N - the cursed +2 helmet of the Gnostic Regret (worn) {SInv, Elem, Comp}

   It has a curse which improves the following skills: Elements: Fire Magic, Ice
   Magic, Air Magic and Earth Magic.
   Companions: Summonings and Necromancy.
 V - the cursed +0 buckler "Paranoia of Ashenzari" (worn) {Cun, Bglg}

   It has a curse which improves the following skills: Cunning: Dodging and
   Stealth.
   Beguiling: Conjurations, Hexes and Translocations.
Jewellery
 j - the cursed amulet of the Mantic Autotheism (around neck) {Reflect SH+5, Bglg, Elem}

   [amulet of reflection]

   It reflects blocked missile attacks.
   SH:        It affects your SH (+5).
   It has a curse which improves the following skills: Beguiling: Conjurations,
   Hexes and Translocations.
   Elements:  Fire Magic, Ice Magic, Air Magic and Earth Magic.
 H - the cursed ring "Circumscribed Negation" (left hand) {AC+4, Bglg, Melee}

   [ring of protection]

   AC:        It affects your AC (+4).
   It has a curse which improves the following skills: Beguiling: Conjurations,
   Hexes and Translocations.
   Melee Combat: Short Blades, Long Blades, Axes, Maces & Flails, Polearms,
   Staves and Unarmed Combat.
 J - the cursed ring of the Esoteric Augurer (right hand) {rElec rF+ Int+3 Slay+2, Alch, Elem}

   [ring of protection from fire]

   Int:       It affects your intelligence (+3).
   Slay:      It affects your accuracy & damage with ranged weapons and melee
   (+2).
   rF:        It protects you from fire.
   rElec:     It insulates you from electricity.
   It has a curse which improves the following skills: Alchemy: Poison Magic and
   Transmutations.
   Elements:  Fire Magic, Ice Magic, Air Magic and Earth Magic.
Wands
 C - a wand of mindburst (5)
 D - a wand of paralysis (22)
 I - a wand of acid (15)
 L - a wand of polymorph (8)
 R - a wand of digging (4)
 S - a wand of roots (9)
Scrolls
 h - 2 scrolls of fog
 k - 16 scrolls of teleportation {@r4}
 l - 6 scrolls of vulnerability {!r}
 u - 4 scrolls of fear
 w - 3 scrolls of enchant weapon
 y - a scroll of poison {!r}
 z - 5 scrolls of magic mapping
 F - 2 scrolls of summoning
 G - 9 scrolls of immolation {!r}
 O - 2 scrolls of silence {!r}
 X - 4 scrolls of amnesia
Potions
 c - 5 potions of attraction {!q}
 e - 8 potions of might
 g - 4 potions of lignification {!q}
 i - 5 potions of magic
 p - 16 potions of curing {@q1}
 q - 2 potions of flight
 s - 7 potions of mutation {!q}
 t - 3 potions of berserk rage {!q}
 v - 6 potions of heal wounds {@q2}
 A - 9 potions of ambrosia
 B - 6 potions of haste {@q3}
 K - 7 potions of resistance
 M - 3 potions of brilliance
 U - 3 potions of cancellation
 W - 4 potions of invisibility
Miscellaneous
 Y - a tin of tremorstones (2/2)
 Z - a condenser vane

Dungeon Overview and Level Annotations

Branches:
Dungeon (15/15) Temple (1/1) D:7 Lair (5/5) D:8 Shoals (4/4) Lair:2 Spider (4/4) Lair:3 Slime (0/5) Lair:5 Orc (2/2) D:9 Elf (0/3) Orc:2 Vaults (0/5) D:12 D:13 Depths (0/4) D:15 Sewer (visited) Volcano (visited)

Altars:
Ashenzari
Cheibriados
Dithmenos
Elyvilon
Fedhas
Gozag
Hepliaklqana
Kikubaaqudgha
Makhleb
Nemelex Xobeh
Okawaru
Qazlal
Ru
Sif Muna
Trog
Uskayaw
Vehumet
Wu Jian
Xom
Yredelemnul
Zin
The Shining One
Jiyva

Shops:
D:8 !   Orc:1 [   Orc:2 [![(*

Annotations:
D:14 1 runed translucent door, leavemydog's ghost, journeyman DECj
Lair:5 3 runed translucent doors, bumlips's ghost, journeyman DrAE

~ ~ ▒.. ,, ,,, , ~ ~~
~ ░▒..░8,, ..8▒.~.░∆ ,
░ ~ ~
░▒..▒▒▒▒▒▒▒▒▒▒..,~ ~~
, ~ ~~~
░▒..........▒▒▒▒ ░ ░
~~~ ~ ▒.......~~~.▒8.,
, ,, ~ ~
░▒..=..♣.~_~.▒.. ..▒▒m
~ ▒~~~...)~~~.▒..
~~~~{▒ ~ ~ ~
▒▒▒~~~~.....▒.~
H~~m~~▒ ~ ~ ~
▒▒▒~~÷g...?.▒..
~~~~∆~~ ~ ~░
▒▒~~~~##♣..▒.....Y{~{{
~ ~~ ~
▒▒▒~...m[.▒8......{{.
~~~~~ ~░
▒▒▒~~~†...▒▒▒▒▒▒▒▒▒▒.
~ ~~ ░
▒▒▒▒~.E.m..)...)..m ~
~ ~~
▒▒▒~..([.......... ~
~~~~
▒▒▒▒▒▒▒▒▒▒▒▒▒▒▒▒▒▒ ~
░▒▒▒▒▒▒▒▒▒▒▒▒▒▒▒▒▒▒ ~
~~ ~ ~
▒▒▒▒▒▒▒▒▒▒▒▒▒▒▒▒▒▒


You could see a merfolk javelineer, a merfolk aquamancer and a water elemental.


Message History

You block the air elemental's attack.
The air elemental hits you but does no damage.
The air elemental barely misses you. The air elemental barely misses you.
There is a stone staircase leading up here.
The air elemental fires a burst of electricity at you.
The stunning burst misses you.
The air elemental hits you but does no damage.
The merfolk aquamancer points at you and mumbles some strange words.
The torrent of water hits you!!
* * * LOW HITPOINT WARNING * * *
You stop ascending the stairs.
You are knocked back by the torrent of water.
The wave splashes down.
Splash!
You fall into the shallow water.
The air elemental fires a burst of electricity at you.
The stunning burst misses you.
You hear an angry hiss.
You hear a shout!
You hear a shout!
You hear an angry hiss.
Unknown command.
The iron shot hits the air elemental!!!
You destroy the air elemental!
There is a stone staircase leading up here.
The merfolk aquamancer casts a spell at you.
The ball of steam hits you! You resist.
You die...

Action                   |  1- 3 |  4- 6 |  7- 9 | 10-12 | 13-15 | 16-18 | 19-21 || total
-------------------------+-------+-------+-------+-------+-------+-------+-------++-------
Melee: Unarmed           |     5 |     3 |       |       |       |       |       ||     8
       Bite              |     3 |     5 |     3 |    36 |    39 |    38 |     1 ||   125
       Flail             |    25 |     4 |    33 |    11 |   134 |       |       ||   207
       Whip              |       |    46 |    19 |       |       |       |       ||    65
       Dagger            |       |     2 |       |     4 |     1 |     1 |     3 ||    11
       Dire flail        |       |       |       |   230 |     9 |       |       ||   239
       Punch             |       |       |       |     1 |    13 |       |       ||    14
       Sling             |       |       |       |     1 |       |       |       ||     1
       Broad axe         |       |       |       |       |       |   289 |     3 ||   292
 Fire: Sling             |       |       |       |   131 |   197 |    13 |       ||   341
 Cast: Magic Dart        |    59 |    61 |    19 |       |     1 |     1 |       ||   141
       Searing Ray       |       |    12 |     5 |       |       |       |       ||    17
       Stone Arrow       |       |       |    95 |   226 |    82 |     1 |       ||   404
       Fulminant Prism   |       |       |     1 |    10 |     6 |       |       ||    17
       Iron Shot         |       |       |       |       |   261 |   528 |    47 ||   836
       Conjure Ball Ligh |       |       |       |       |    20 |   114 |    25 ||   159
       Passwall          |       |       |       |       |       |    14 |       ||    14
Invok: Curse Item        |       |       |       |     1 |     6 |     3 |       ||    10
       Shatter the Chain |       |       |       |       |       |     2 |       ||     2
Evoke: Wand              |       |       |       |     7 |     8 |     6 |       ||    21
  Use: Scroll            |       |       |     9 |     9 |       |     2 |       ||    20
       Potion            |       |       |       |     1 |     1 |     9 |       ||    11
 Stab: Sleeping          |     2 |     1 |       |     3 |       |     8 |     1 ||    15
       Distracted        |       |       |     1 |       |       |       |     1 ||     2
Armor: Robe              |     5 |    13 |    20 |   216 |    86 |   163 |    14 ||   517
       Steam dragon scal |       |       |     7 |    11 |       |       |       ||    18
Dodge: Dodged            |    21 |    44 |    68 |   466 |   173 |   372 |    35 ||  1179
Block: Other             |     3 |    17 |    19 |   135 |    23 |       |       ||   197
       Reflection        |       |     3 |       |     7 |       |    19 |     8 ||    37
       Buckler           |       |       |       |       |   123 |   359 |    33 ||   515

Levels and vault maps discovered:
D:1:      nagdon_arrival_double_spiral, layout_loops_corners
D:2:      layout_basic, basic_ecumenical_altar
D:3:      layout_rooms, gup_sewer_entry_glass, uniq_crazy_yiuf_cottage
D:4:      layout_basic, kennysheep_generic_room_10, uniq_eustachio,
          uniq_sigmund, uniq_edmund, uniq_pargi
D:5:      layout_basic, old_standard_altar, mainiacjoe_overflow_cross_hatched,
          uniq_prince_ribbit1
D:6:      layout_basic, hangedman_decor_opposing, minmay_misc_feat_four_crosses,
          serial_bayou_pond_a, dreamdust_gnoll_farm
D:7:      layout_cave_pools, minmay_temple_entry_proselytizer
D:8:      layout_cave_pools, nicolae_yredelemnul_ghost_church, lair_entry_dummy,
          serial_shops, shop, grunt_ministairs_7
D:9:      layout_loops_ring, nemelex_spade_bored_becter, tso_altar,
          lemuel_mausoleum_altar_kikubaaqudgha, david_orc_4,
          amcnicky_mini_rare_corridor_liquid
D:10:     layout_big_octagon, mainiacjoe_overflow_concentric_impassable,
          mainiacjoe_overflow_alcove_3, kennysheep_mini_moat, uniq_psyche
D:11:     layout_grid_maze
D:12:     minmay_ambush_box, layout_basic, uniq_kirke
D:13:     gargoyle_guard, layout_basic, david_vaults_3,
          pdpol_wu_jian_five_deadly_venoms, uniq_rupert, uniq_nessos,
          uniq_josephine
D:14:     layout_cave_pools, hellmonk_ghost_happy_afterlife
D:15:     grunt_enter_depths_hoard, layout_long_grid, uniq_azrael
Temple:   hellmonk_temple_micro_hex
Lair:1:   layout_cave_pods, nicolae_volcano_entry_two_sided, wad_woods_03
Lair:2:   nzn_winding_woodlands_three_and_one [nzn_winding_woodlands_5x15_eye,
          nzn_winding_woodlands_5x15_crooked,
          nzn_winding_woodlands_5x15_pockets,
          nzn_winding_woodlands_center_diamonds], layout_long_grid,
          minmay_shoals_entry_beasts, uniq_maggie, uniq_harold
Lair:3:   layout_chaotic_city, spider_nest_entry_funnel_web, beast_lair_carwin_6
Lair:4:   layout_misc_corridors, gammafunk_ghost_grave,
          infiniplex_staircase_pool
Lair:5:   due_jungle_book, layout_cave_pods, slime_entry_2, serial_forest,
          infiniplex_forest_clump_curved, infiniplex_forest_end_2,
          infiniplex_forest_clump_diagonal, infiniplex_forest_zigzag_2,
          infiniplex_forest_straight_2, infiniplex_forest_clump_long,
          infiniplex_forest_lined_3, ebering_ghost_disaster_area, uniq_sonja,
          uniq_urug
Shoals:1: layout_shoals
Shoals:2: layout_shoals
Shoals:3: layout_shoals
Shoals:4: shoals_end_hellmonk_storm_palace [storm_palace_center_ruins,
          storm_palace_corner_altar, storm_palace_corner_blocked,
          storm_palace_corner_narrow, storm_palace_corner_pillars]
Spider:1: layout_spider_delve, uniq_donald
Spider:2: layout_chambers
Spider:3: layout_spider_delve
Spider:4: spider_rune_water
Orc:1:    layout_caves, serial_shops, shop, special_room [special_room_orc],
          basic_altar, uniq_gastronok
Orc:2:    grunt_orc_tribal_feast, layout_caves, basic_altar, serial_shops,
          shop_coins

Notes
Turn   | Place    | Note
-------+----------+-------------------------------------------
     0 | D:1      | sanka the Gnoll Conjurer began the quest for the Orb.
     0 | D:1      | Reached XP level 1. HP: 13/13 MP: 6/6
   313 | D:1      | Reached XP level 2. HP: 11/19 MP: 2/7
  1062 | D:1      | Reached skill level 5 in Spellcasting
  1062 | D:1      | Reached XP level 3. HP: 25/25 MP: 6/9
  1480 | D:1      | Learned a level 2 spell: Searing Ray
  1528 | D:2      | Reached skill level 1 in Invocations
  1648 | D:2      | Reached skill level 1 in Fighting
  1648 | D:2      | Reached skill level 1 in Short Blades
  1648 | D:2      | Reached skill level 1 in Long Blades
  1648 | D:2      | Reached skill level 1 in Axes
  1648 | D:2      | Reached skill level 1 in Maces & Flails
  1648 | D:2      | Reached skill level 1 in Polearms
  1648 | D:2      | Reached skill level 1 in Staves
  1648 | D:2      | Reached skill level 1 in Ranged Weapons
  1648 | D:2      | Reached skill level 1 in Throwing
  1648 | D:2      | Reached skill level 1 in Armour
  1648 | D:2      | Reached skill level 1 in Shields
  1648 | D:2      | Reached skill level 1 in Unarmed Combat
  1648 | D:2      | Reached skill level 1 in Evocations
  1719 | D:2      | Found a faded altar of an unknown god.
  1848 | D:2      | Reached XP level 4. HP: 29/32 MP: 11/11
  2069 | D:2      | Reached skill level 1 in Hexes
  2069 | D:2      | Reached skill level 1 in Summonings
  2069 | D:2      | Reached skill level 1 in Necromancy
  2069 | D:2      | Reached skill level 1 in Translocations
  2069 | D:2      | Reached skill level 1 in Transmutations
  2069 | D:2      | Reached skill level 1 in Fire Magic
  2069 | D:2      | Reached skill level 1 in Ice Magic
  2069 | D:2      | Reached skill level 1 in Air Magic
  2069 | D:2      | Reached skill level 1 in Earth Magic
  2069 | D:2      | Reached skill level 1 in Poison Magic
  2628 | D:3      | Reached XP level 5. HP: 26/37 MP: 12/12
  2739 | D:3      | Found a glowing drain.
  2922 | Sewer    | Entered a sewer
  3036 | Sewer    | Noticed a kobold brigand
  3074 | Sewer    | Killed a kobold brigand
  3075 | Sewer    | Reached skill level 2 in Fighting
  3075 | Sewer    | Reached skill level 2 in Short Blades
  3075 | Sewer    | Reached skill level 2 in Long Blades
  3075 | Sewer    | Reached skill level 2 in Axes
  3075 | Sewer    | Reached skill level 2 in Maces & Flails
  3075 | Sewer    | Reached skill level 2 in Polearms
  3075 | Sewer    | Reached skill level 2 in Staves
  3075 | Sewer    | Reached skill level 2 in Ranged Weapons
  3075 | Sewer    | Reached skill level 2 in Throwing
  3075 | Sewer    | Reached skill level 2 in Armour
  3075 | Sewer    | Reached skill level 5 in Dodging
  3075 | Sewer    | Reached skill level 2 in Shields
  3075 | Sewer    | Reached skill level 2 in Unarmed Combat
  3075 | Sewer    | Reached skill level 2 in Invocations
  3075 | Sewer    | Reached skill level 2 in Evocations
  3075 | Sewer    | Reached XP level 6. HP: 44/44 MP: 3/14
  3294 | Sewer    | Found a white marble altar of Elyvilon.
  3783 | D:3      | Found a runed translucent door.
  3784 | D:3      | Noticed Crazy Yiuf
  3930 | D:3      | Killed Crazy Yiuf
  4047 | D:4      | Noticed Pargi
  4058 | D:4      | Killed Pargi
  4059 | D:4      | Reached XP level 7. HP: 44/51 MP: 2/15
  4208 | D:4      | Learned a level 4 spell: Fulminant Prism
  4279 | D:4      | Noticed Eustachio
  4289 | D:4      | Killed Eustachio
  4290 | D:4      | Reached skill level 5 in Stealth
  4290 | D:4      | Reached skill level 2 in Hexes
  4290 | D:4      | Reached skill level 2 in Summonings
  4290 | D:4      | Reached skill level 2 in Necromancy
  4290 | D:4      | Reached skill level 2 in Translocations
  4290 | D:4      | Reached skill level 2 in Transmutations
  4290 | D:4      | Reached skill level 2 in Fire Magic
  4290 | D:4      | Reached skill level 2 in Ice Magic
  4290 | D:4      | Reached skill level 2 in Air Magic
  4290 | D:4      | Reached skill level 2 in Earth Magic
  4290 | D:4      | Reached skill level 2 in Poison Magic
  4462 | D:4      | Reached skill level 3 in Invocations
  4760 | D:4      | Learned a level 3 spell: Stone Arrow
  4773 | D:4      | Noticed Sigmund
  4778 | D:4      | Killed Sigmund
  4779 | D:4      | Reached skill level 3 in Fighting
  4779 | D:4      | Reached skill level 3 in Short Blades
  4779 | D:4      | Reached skill level 3 in Long Blades
  4779 | D:4      | Reached skill level 3 in Axes
  4779 | D:4      | Reached skill level 3 in Maces & Flails
  4779 | D:4      | Reached skill level 3 in Polearms
  4779 | D:4      | Reached skill level 3 in Staves
  4779 | D:4      | Reached skill level 3 in Ranged Weapons
  4779 | D:4      | Reached skill level 3 in Throwing
  4779 | D:4      | Reached skill level 3 in Armour
  4779 | D:4      | Reached skill level 3 in Shields
  4779 | D:4      | Reached skill level 3 in Unarmed Combat
  4779 | D:4      | Reached skill level 3 in Evocations
  4779 | D:4      | Reached XP level 8. HP: 22/58 MP: 3/16
  5057 | D:4      | Identified the +4 flail "Dragon's Funeral" {spect, *Slow
                  | +Blink rF+++ Str+4}
  5223 | D:4      | Reached skill level 6 in Spellcasting
  5318 | D:4      | Noticed Edmund
  5324 | D:4      | Killed Edmund
  5666 | D:5      | Entered Level 5 of the Dungeon
  5666 | D:5      | Found a bloodstained altar of Trog.
  5741 | D:5      | Noticed Prince Ribbit
  5746 | D:5      | Killed Prince Ribbit
  5824 | D:5      | Reached skill level 3 in Hexes
  5824 | D:5      | Reached skill level 3 in Summonings
  5824 | D:5      | Reached skill level 3 in Necromancy
  5824 | D:5      | Reached skill level 3 in Translocations
  5824 | D:5      | Reached skill level 3 in Transmutations
  5824 | D:5      | Reached skill level 3 in Fire Magic
  5824 | D:5      | Reached skill level 3 in Ice Magic
  5824 | D:5      | Reached skill level 3 in Air Magic
  5824 | D:5      | Reached skill level 3 in Earth Magic
  5824 | D:5      | Reached skill level 3 in Poison Magic
  5824 | D:5      | Reached skill level 4 in Invocations
  5915 | D:5      | Reached skill level 6 in Dodging
  6108 | D:5      | Reached XP level 9. HP: 57/65 MP: 8/18
  6171 | D:5      | Learned a level 2 spell: Passwall
  6254 | D:5      | Found an iron altar of Okawaru.
  6474 | D:6      | Reached skill level 4 in Fighting
  6474 | D:6      | Reached skill level 4 in Short Blades
  6474 | D:6      | Reached skill level 4 in Long Blades
  6474 | D:6      | Reached skill level 4 in Axes
  6474 | D:6      | Reached skill level 4 in Maces & Flails
  6474 | D:6      | Reached skill level 4 in Polearms
  6474 | D:6      | Reached skill level 4 in Staves
  6474 | D:6      | Reached skill level 4 in Ranged Weapons
  6474 | D:6      | Reached skill level 4 in Throwing
  6474 | D:6      | Reached skill level 4 in Armour
  6474 | D:6      | Reached skill level 4 in Shields
  6474 | D:6      | Reached skill level 4 in Unarmed Combat
  6474 | D:6      | Reached skill level 4 in Evocations
  6689 | D:6      | Reached skill level 6 in Stealth
  6689 | D:6      | Reached skill level 8 in Conjurations
  7229 | D:6      | Reached skill level 5 in Invocations
  7722 | D:7      | Identified +0 steam dragon scales
  7859 | D:7      | Reached skill level 7 in Spellcasting
  7931 | D:7      | Reached skill level 4 in Hexes
  7931 | D:7      | Reached skill level 4 in Summonings
  7931 | D:7      | Reached skill level 4 in Necromancy
  7931 | D:7      | Reached skill level 4 in Translocations
  7931 | D:7      | Reached skill level 4 in Transmutations
  7931 | D:7      | Reached skill level 4 in Fire Magic
  7931 | D:7      | Reached skill level 4 in Ice Magic
  7931 | D:7      | Reached skill level 4 in Air Magic
  7931 | D:7      | Reached skill level 4 in Earth Magic
  7931 | D:7      | Reached skill level 4 in Poison Magic
  8553 | D:7      | Found a staircase to the Ecumenical Temple.
  8558 | D:7      | Reached skill level 5 in Fighting
  8558 | D:7      | Reached skill level 5 in Short Blades
  8558 | D:7      | Reached skill level 5 in Long Blades
  8558 | D:7      | Reached skill level 5 in Axes
  8558 | D:7      | Reached skill level 5 in Maces & Flails
  8558 | D:7      | Reached skill level 5 in Polearms
  8558 | D:7      | Reached skill level 5 in Staves
  8558 | D:7      | Reached skill level 5 in Ranged Weapons
  8558 | D:7      | Reached skill level 5 in Throwing
  8558 | D:7      | Reached skill level 5 in Armour
  8558 | D:7      | Reached skill level 5 in Shields
  8558 | D:7      | Reached skill level 5 in Unarmed Combat
  8558 | D:7      | Reached skill level 5 in Evocations
  8558 | D:7      | Reached XP level 10. HP: 74/74 MP: 16/20
  8670 | Temple   | Entered the Ecumenical Temple
  8698 | D:7      | Identified the +8 sling of Fedhas's Grace {flame, Int+2}
  8736 | D:7      | Reached skill level 7 in Dodging
  9222 | D:8      | Reached skill level 6 in Invocations
  9380 | D:8      | Reached skill level 7 in Stealth
  9450 | D:8      | Found Kecugum's Distillery.
  9459 | D:8      | Identified 2 potions of resistance
  9461 | D:8      | Bought a potion of ambrosia for 120 gold pieces
  9461 | D:8      | Bought a potion of haste for 150 gold pieces
  9593 | D:8      | Found a staircase to the Lair.
  9727 | D:8      | Found a runed translucent gate.
  9727 | D:8      | Found a runed translucent gate.
  9727 | D:8      | Noticed Tonnatak's ghost (novice TrBe)
  9728 | D:8      | Found a runed translucent gate.
  9729 | D:8      | Found a basalt altar of Yredelemnul.
 10223 | D:9      | Found a glowing golden altar of the Shining One.
 10288 | D:9      | Found a sparkling altar of Nemelex Xobeh.
 10823 | D:9      | Reached skill level 6 in Fighting
 10823 | D:9      | Reached skill level 6 in Short Blades
 10823 | D:9      | Reached skill level 6 in Long Blades
 10823 | D:9      | Reached skill level 6 in Axes
 10823 | D:9      | Reached skill level 6 in Maces & Flails
 10823 | D:9      | Reached skill level 6 in Polearms
 10823 | D:9      | Reached skill level 6 in Staves
 10823 | D:9      | Reached skill level 6 in Ranged Weapons
 10823 | D:9      | Reached skill level 6 in Throwing
 10823 | D:9      | Reached skill level 6 in Armour
 10823 | D:9      | Reached skill level 6 in Shields
 10823 | D:9      | Reached skill level 6 in Unarmed Combat
 10823 | D:9      | Reached skill level 6 in Evocations
 10828 | D:9      | Reached skill level 5 in Hexes
 10828 | D:9      | Reached skill level 5 in Summonings
 10828 | D:9      | Reached skill level 5 in Necromancy
 10828 | D:9      | Reached skill level 5 in Translocations
 10828 | D:9      | Reached skill level 5 in Transmutations
 10828 | D:9      | Reached skill level 5 in Fire Magic
 10828 | D:9      | Reached skill level 5 in Ice Magic
 10828 | D:9      | Reached skill level 5 in Air Magic
 10828 | D:9      | Reached skill level 5 in Earth Magic
 10828 | D:9      | Reached skill level 5 in Poison Magic
 10839 | D:9      | Reached XP level 11. HP: 23/81 MP: 2/22
 10849 | D:9      | HP: 7/81 [killer bee (4)]
 11359 | D:9      | Reached skill level 8 in Spellcasting
 11897 | D:9      | Found an ancient bone altar of Kikubaaqudgha.
 11912 | D:9      | Reached skill level 9 in Conjurations
 11912 | D:9      | Reached skill level 7 in Invocations
 11977 | D:9      | Reached skill level 8 in Dodging
 12184 | D:9      | Found a staircase to the Orcish Mines.
 12440 | D:10     | Entered Level 10 of the Dungeon
 12526 | D:10     | Noticed a cyclops
 12560 | D:10     | Killed a cyclops
 13024 | D:9      | Found a glowing golden altar of the Shining One.
 13221 | D:9      | Found a staircase to the Orcish Mines.
 13441 | D:9      | Found an ancient bone altar of Kikubaaqudgha.
 13572 | D:9      | Found a sparkling altar of Nemelex Xobeh.
 13763 | D:9      | Reached skill level 8 in Stealth
 14537 | D:8      | Bought a potion of cancellation for 120 gold pieces
 14588 | D:10     | Noticed Psyche
 14689 | D:10     | Killed Psyche
 14821 | D:10     | Found an opulent altar of Gozag.
 14846 | D:10     | Identified a scroll of acquirement
 14847 | D:10     | Acquired the Teachings on Kinetic Leadership
 15118 | D:10     | Found an ornate altar of the Wu Jian Council.
 15119 | D:10     | Found a burning altar of Makhleb.
 15120 | D:10     | Found a broken altar of Ashenzari.
 15121 | D:10     | Found a radiant altar of Vehumet.
 15201 | D:10     | Found a shimmering blue altar of Sif Muna.
 15282 | D:10     | Became a worshipper of Ashenzari the Shackled
 15375 | D:13     | Noticed a war gargoyle
 15375 | D:13     | Noticed Josephine
 15564 | D:13     | Reached skill level 7 in Fighting
 15564 | D:13     | Reached skill level 7 in Short Blades
 15564 | D:13     | Reached skill level 7 in Long Blades
 15564 | D:13     | Reached skill level 7 in Axes
 15564 | D:13     | Reached skill level 7 in Maces & Flails
 15564 | D:13     | Reached skill level 7 in Polearms
 15564 | D:13     | Reached skill level 7 in Staves
 15564 | D:13     | Reached skill level 7 in Ranged Weapons
 15564 | D:13     | Reached skill level 7 in Throwing
 15564 | D:13     | Reached skill level 7 in Armour
 15564 | D:13     | Reached skill level 7 in Shields
 15564 | D:13     | Reached skill level 7 in Unarmed Combat
 15564 | D:13     | Reached skill level 7 in Evocations
 15781 | D:13     | Noticed a manticore
 15799 | D:13     | Noticed a sun demon
 15801 | D:13     | Killed a manticore
 15813 | D:13     | Reached XP level 12. HP: 25/91 MP: 1/24
 16115 | D:12     | Noticed a catoblepas
 16318 | D:12     | Noticed a two-headed ogre
 16329 | D:12     | Killed a two-headed ogre
 16330 | D:12     | Reached skill level 6 in Hexes
 16330 | D:12     | Reached skill level 6 in Summonings
 16330 | D:12     | Reached skill level 6 in Necromancy
 16330 | D:12     | Reached skill level 6 in Translocations
 16330 | D:12     | Reached skill level 6 in Transmutations
 16330 | D:12     | Reached skill level 6 in Fire Magic
 16330 | D:12     | Reached skill level 6 in Ice Magic
 16330 | D:12     | Reached skill level 6 in Air Magic
 16330 | D:12     | Reached skill level 6 in Earth Magic
 16330 | D:12     | Reached skill level 6 in Poison Magic
 16330 | D:12     | Reached skill level 8 in Invocations
 16333 | D:12     | Noticed a six-headed hydra
 16384 | D:13     | Noticed a centaur warrior
 16411 | D:13     | Killed a centaur warrior
 16412 | D:13     | Reached skill level 9 in Spellcasting
 16626 | D:12     | Killed a catoblepas
 16738 | D:12     | Killed a six-headed hydra
 17194 | D:13     | Reached skill level 9 in Dodging
 18008 | D:12     | Noticed a centaur warrior
 18014 | D:12     | Killed a centaur warrior
 18015 | D:12     | Reached skill level 9 in Stealth
 18475 | D:12     | Noticed Kirke
 18483 | D:12     | Killed Kirke
 18484 | D:12     | Reached skill level 8 in Fighting
 18484 | D:12     | Reached skill level 8 in Short Blades
 18484 | D:12     | Reached skill level 8 in Long Blades
 18484 | D:12     | Reached skill level 8 in Axes
 18484 | D:12     | Reached skill level 8 in Maces & Flails
 18484 | D:12     | Reached skill level 8 in Polearms
 18484 | D:12     | Reached skill level 8 in Staves
 18484 | D:12     | Reached skill level 8 in Ranged Weapons
 18484 | D:12     | Reached skill level 8 in Throwing
 18484 | D:12     | Reached skill level 8 in Armour
 18484 | D:12     | Reached skill level 8 in Shields
 18484 | D:12     | Reached skill level 8 in Unarmed Combat
 18484 | D:12     | Reached skill level 8 in Evocations
 18513 | D:12     | HP: 4/92 [acid dragon/splash of acid (16)]
 19173 | D:12     | Got the Handbook of the Hyperbolic Summer
 19384 | D:11     | Reached XP level 13. HP: 96/98 MP: 26/26
 19592 | D:11     | Reached skill level 9 in Invocations
 20049 | D:11     | Reached * piety under Ashenzari
 20049 | D:11     | Identified a potion of experience
 20050 | D:11     | Reached skill level 10 in Spellcasting
 20050 | D:11     | Reached skill level 10 in Conjurations
 20050 | D:11     | Reached skill level 7 in Hexes
 20050 | D:11     | Reached skill level 7 in Summonings
 20050 | D:11     | Reached skill level 7 in Necromancy
 20050 | D:11     | Reached skill level 7 in Translocations
 20050 | D:11     | Reached skill level 7 in Transmutations
 20050 | D:11     | Reached skill level 7 in Fire Magic
 20050 | D:11     | Reached skill level 7 in Ice Magic
 20050 | D:11     | Reached skill level 7 in Air Magic
 20050 | D:11     | Reached skill level 7 in Earth Magic
 20050 | D:11     | Reached skill level 7 in Poison Magic
 20050 | D:11     | Reached XP level 14. HP: 108/108 MP: 28/28
 20058 | D:11     | Learned a level 6 spell: Iron Shot
 20770 | D:8      | Killed Tonnatak's ghost
 21040 | Lair:1   | Entered Level 1 of the Lair of Beasts
 21225 | Lair:1   | Found a dark tunnel.
 21281 | Lair:1   | Reached skill level 10 in Dodging
 21437 | Volcano  | Entered a volcano
 21447 | Volcano  | Reached ** piety under Ashenzari
 21949 | Volcano  | Found a burning altar of Makhleb.
 22157 | Volcano  | Reached skill level 9 in Fighting
 22157 | Volcano  | Reached skill level 9 in Short Blades
 22157 | Volcano  | Reached skill level 9 in Long Blades
 22157 | Volcano  | Reached skill level 9 in Axes
 22157 | Volcano  | Reached skill level 9 in Maces & Flails
 22157 | Volcano  | Reached skill level 9 in Polearms
 22157 | Volcano  | Reached skill level 9 in Staves
 22157 | Volcano  | Reached skill level 9 in Ranged Weapons
 22157 | Volcano  | Reached skill level 9 in Throwing
 22157 | Volcano  | Reached skill level 9 in Armour
 22157 | Volcano  | Reached skill level 9 in Shields
 22157 | Volcano  | Reached skill level 9 in Unarmed Combat
 22157 | Volcano  | Reached skill level 9 in Evocations
 22306 | Volcano  | Reached skill level 10 in Stealth
 24144 | Lair:2   | Reached skill level 10 in Invocations
 24375 | Lair:2   | Found a staircase to the Shoals.
 24391 | Lair:2   | Identified +0 steam dragon scales
 24391 | Lair:2   | Noticed Maggie
 24406 | Lair:2   | Killed Maggie
 24490 | Lair:2   | Noticed Harold
 24500 | Lair:2   | Killed Harold
 27186 | Lair:2   | Reached skill level 8 in Hexes
 27186 | Lair:2   | Reached skill level 8 in Summonings
 27186 | Lair:2   | Reached skill level 8 in Necromancy
 27186 | Lair:2   | Reached skill level 8 in Translocations
 27186 | Lair:2   | Reached skill level 8 in Transmutations
 27186 | Lair:2   | Reached skill level 8 in Fire Magic
 27186 | Lair:2   | Reached skill level 8 in Ice Magic
 27186 | Lair:2   | Reached skill level 8 in Air Magic
 27186 | Lair:2   | Reached skill level 8 in Earth Magic
 27186 | Lair:2   | Reached skill level 8 in Poison Magic
 28697 | Lair:3   | Reached XP level 15. HP: 117/117 MP: 12/31
 28939 | Lair:3   | Reached skill level 11 in Spellcasting
 29483 | Lair:3   | Found a hole to the Spider Nest.
 30740 | Lair:4   | Reached skill level 11 in Dodging
 30740 | Lair:4   | Reached skill level 11 in Conjurations
 30742 | Lair:4   | Reached skill level 10 in Fighting
 30742 | Lair:4   | Reached skill level 10 in Short Blades
 30742 | Lair:4   | Reached skill level 10 in Long Blades
 30742 | Lair:4   | Reached skill level 10 in Axes
 30742 | Lair:4   | Reached skill level 10 in Maces & Flails
 30742 | Lair:4   | Reached skill level 10 in Polearms
 30742 | Lair:4   | Reached skill level 10 in Staves
 30742 | Lair:4   | Reached skill level 10 in Ranged Weapons
 30742 | Lair:4   | Reached skill level 10 in Throwing
 30742 | Lair:4   | Reached skill level 10 in Armour
 30742 | Lair:4   | Reached skill level 10 in Shields
 30742 | Lair:4   | Reached skill level 10 in Unarmed Combat
 30742 | Lair:4   | Reached skill level 10 in Evocations
 30956 | Lair:4   | Reached *** piety under Ashenzari
 30986 | Lair:4   | Found a runed translucent door.
 30988 | Lair:4   | Noticed Atont's ghost (journeyman DDFi)
 31118 | Lair:4   | Identified the +8 plate armour of the Game of Life {Will+}
 31209 | Lair:4   | Reached skill level 11 in Invocations
 31734 | Lair:4   | Killed Atont's ghost
 31735 | Lair:4   | Reached skill level 11 in Stealth
 31893 | Lair:5   | Entered Level 5 of the Lair of Beasts
 31943 | Lair:5   | Found a runed translucent door.
 31943 | Lair:5   | Found a viscous altar of Jiyva.
 31944 | Lair:5   | Found a staircase to the Slime Pits.
 31989 | Lair:5   | Reached **** piety under Ashenzari
 33008 | Lair:5   | Identified the ring "Ackor" {rElec rF+ Int+3 Slay+2}
 33008 | Lair:5   | Noticed Urug
 33016 | Lair:5   | Killed Urug
 33145 | Lair:5   | Learned a level 6 spell: Conjure Ball Lightning
 33184 | Lair:5   | Found a large runed translucent door.
 33184 | Lair:5   | Found a large runed translucent door.
 33188 | Lair:5   | Noticed bumlips's ghost (journeyman DrAE)
 33644 | Lair:5   | Identified the ring of Zajut {rPois Dex+2}
 34149 | Lair:5   | Noticed Sonja
 34151 | Lair:5   | Killed Sonja
 35237 | Lair:5   | Reached skill level 9 in Hexes
 35237 | Lair:5   | Reached skill level 9 in Summonings
 35237 | Lair:5   | Reached skill level 9 in Necromancy
 35237 | Lair:5   | Reached skill level 9 in Translocations
 35237 | Lair:5   | Reached skill level 9 in Transmutations
 35237 | Lair:5   | Reached skill level 9 in Fire Magic
 35237 | Lair:5   | Reached skill level 9 in Ice Magic
 35237 | Lair:5   | Reached skill level 9 in Air Magic
 35237 | Lair:5   | Reached skill level 9 in Earth Magic
 35237 | Lair:5   | Reached skill level 9 in Poison Magic
 35237 | Lair:5   | Reached XP level 16. HP: 86/131 MP: 16/34
 36846 | Lair:5   | Found a runed translucent door.
 36847 | Lair:5   | Found a viscous altar of Jiyva.
 36978 | Lair:5   | Found a large runed translucent door.
 36979 | Lair:5   | Found a large runed translucent door.
 37353 | Lair:5   | Found a staircase to the Slime Pits.
 37904 | Orc:1    | Entered Level 1 of the Orcish Mines
 38500 | Orc:1    | Found Ras Coer's Antique Armour Shoppe.
 38705 | Orc:1    | Reached skill level 12 in Spellcasting
 38781 | Orc:1    | Reached ***** piety under Ashenzari
 38964 | Orc:1    | Noticed Gastronok
 38987 | Orc:1    | Killed Gastronok
 39409 | Orc:1    | Reached skill level 11 in Fighting
 39409 | Orc:1    | Reached skill level 11 in Short Blades
 39409 | Orc:1    | Reached skill level 11 in Long Blades
 39409 | Orc:1    | Reached skill level 11 in Axes
 39409 | Orc:1    | Reached skill level 11 in Maces & Flails
 39409 | Orc:1    | Reached skill level 11 in Polearms
 39409 | Orc:1    | Reached skill level 11 in Staves
 39409 | Orc:1    | Reached skill level 11 in Ranged Weapons
 39409 | Orc:1    | Reached skill level 11 in Throwing
 39409 | Orc:1    | Reached skill level 11 in Armour
 39409 | Orc:1    | Reached skill level 11 in Shields
 39409 | Orc:1    | Reached skill level 11 in Unarmed Combat
 39409 | Orc:1    | Reached skill level 11 in Evocations
 39837 | Orc:1    | Reached skill level 12 in Invocations
 40014 | Orc:2    | Entered Level 2 of the Orcish Mines
 40103 | Orc:2    | Found Fajiefypn's Antique Armour Shoppe.
 40495 | Orc:2    | Reached skill level 12 in Dodging
 40747 | Orc:2    | Found a staircase to the Elven Halls.
 41143 | Orc:2    | Found Saypiq's General Store.
 41145 | Orc:2    | Found Liteb's Weapon Shop.
 41146 | Orc:2    | Found Viwylael's Armour Emporium.
 41151 | Orc:2    | Found Jadumno's Distillery.
 41801 | Orc:2    | Reached skill level 12 in Stealth
 42197 | Orc:1    | Bought a distressingly furry helmet for 304 gold pieces
 42197 | Orc:1    | Identified the +0 helmet of Diexaraf {Fly rF++ Str-5 Int+4}
                  | (You bought it in a shop on level 1 of the Orcish Mines)
 42231 | Orc:2    | Bought a slimy cloak for 218 gold pieces
 42231 | Orc:2    | Identified the +0 cloak of the Abyss {rC+} (You bought it
                  | in a shop on level 2 of the Orcish Mines)
 42625 | D:13     | Noticed Rupert
 42625 | D:13     | Found a gate to the Vaults.
 43267 | D:12     | HP: 11/134 [poisoned by Rupert]
 43272 | D:12     | HP: 7/134 [poisoned by Rupert]
 43758 | D:12     | Killed Rupert
 44156 | Orc:2    | Bought a potion of heal wounds for 55 gold pieces
 44156 | Orc:2    | Bought a potion of heal wounds for 55 gold pieces
 44156 | Orc:2    | Bought a potion of cancellation for 88 gold pieces
 45277 | D:13     | Found an ornate altar of the Wu Jian Council.
 45322 | D:13     | Killed Josephine
 45443 | D:13     | Noticed Nessos
 45444 | D:13     | Reached skill level 12 in Conjurations
 45473 | D:13     | Killed Nessos
 45631 | D:13     | Reached XP level 17. HP: 140/140 MP: 29/36
 45971 | D:14     | Found a runed translucent door.
 46030 | D:14     | Noticed leavemydog's ghost (journeyman DECj)
 46181 | D:14     | Identified a scarf of resistance
 46317 | D:15     | Entered Level 15 of the Dungeon
 47551 | D:15     | Noticed Azrael
 47563 | D:15     | Killed Azrael
 47754 | D:15     | Found a staircase to the Depths.
 47903 | D:15     | Identified +0 ice dragon scales
 48313 | D:15     | Reached skill level 10 in Hexes
 48313 | D:15     | Reached skill level 10 in Summonings
 48313 | D:15     | Reached skill level 10 in Necromancy
 48313 | D:15     | Reached skill level 10 in Translocations
 48313 | D:15     | Reached skill level 10 in Transmutations
 48313 | D:15     | Reached skill level 10 in Fire Magic
 48313 | D:15     | Reached skill level 10 in Ice Magic
 48313 | D:15     | Reached skill level 10 in Air Magic
 48313 | D:15     | Reached skill level 10 in Earth Magic
 48313 | D:15     | Reached skill level 10 in Poison Magic
 48890 | Spider:1 | Entered Level 1 of the Spider Nest
 50076 | Spider:1 | Reached skill level 13 in Invocations
 50121 | Spider:1 | Reached skill level 12 in Fighting
 50121 | Spider:1 | Reached skill level 12 in Short Blades
 50121 | Spider:1 | Reached skill level 12 in Long Blades
 50121 | Spider:1 | Reached skill level 12 in Axes
 50121 | Spider:1 | Reached skill level 12 in Maces & Flails
 50121 | Spider:1 | Reached skill level 12 in Polearms
 50121 | Spider:1 | Reached skill level 12 in Staves
 50121 | Spider:1 | Reached skill level 12 in Ranged Weapons
 50121 | Spider:1 | Reached skill level 12 in Throwing
 50121 | Spider:1 | Reached skill level 12 in Armour
 50121 | Spider:1 | Reached skill level 12 in Shields
 50121 | Spider:1 | Reached skill level 12 in Unarmed Combat
 50121 | Spider:1 | Reached skill level 12 in Evocations
 50387 | Spider:1 | Noticed Donald
 50660 | Spider:1 | Killed Donald
 50676 | Spider:1 | Reached skill level 13 in Spellcasting
 52639 | Spider:2 | Reached skill level 13 in Dodging
 54215 | Spider:3 | Reached skill level 13 in Stealth
 54353 | Spider:3 | Reached XP level 18. HP: 136/151 MP: 21/38
 56609 | Spider:4 | Entered Level 4 of the Spider Nest
 57683 | Spider:4 | Upgraded the game from 0.29-a0-1065-g47a6bb87d6 to
                  | 0.30-a0-2-gf48d83f5e2
 60130 | Spider:4 | HP: 15/151 [emperor scorpion (16)]
 60139 | Spider:4 | Reached skill level 14 in Invocations
 61207 | Spider:4 | Got a gossamer rune of Zot
 61500 | Shoals:1 | Entered Level 1 of the Shoals
 61505 | Shoals:1 | Reached skill level 11 in Hexes
 61505 | Shoals:1 | Reached skill level 11 in Summonings
 61505 | Shoals:1 | Reached skill level 11 in Necromancy
 61505 | Shoals:1 | Reached skill level 11 in Translocations
 61505 | Shoals:1 | Reached skill level 11 in Transmutations
 61505 | Shoals:1 | Reached skill level 11 in Fire Magic
 61505 | Shoals:1 | Reached skill level 11 in Ice Magic
 61505 | Shoals:1 | Reached skill level 11 in Air Magic
 61505 | Shoals:1 | Reached skill level 11 in Earth Magic
 61505 | Shoals:1 | Reached skill level 11 in Poison Magic
 61557 | Shoals:1 | Reached skill level 13 in Conjurations
 61743 | Shoals:1 | Reached skill level 13 in Fighting
 61743 | Shoals:1 | Reached skill level 13 in Short Blades
 61743 | Shoals:1 | Reached skill level 13 in Long Blades
 61743 | Shoals:1 | Reached skill level 13 in Axes
 61743 | Shoals:1 | Reached skill level 13 in Maces & Flails
 61743 | Shoals:1 | Reached skill level 13 in Polearms
 61743 | Shoals:1 | Reached skill level 13 in Staves
 61743 | Shoals:1 | Reached skill level 13 in Ranged Weapons
 61743 | Shoals:1 | Reached skill level 13 in Throwing
 61743 | Shoals:1 | Reached skill level 13 in Armour
 61743 | Shoals:1 | Reached skill level 13 in Shields
 61743 | Shoals:1 | Reached skill level 13 in Unarmed Combat
 61743 | Shoals:1 | Reached skill level 13 in Evocations
 63749 | Shoals:2 | Reached XP level 19. HP: 140/159 MP: 33/40
 63923 | Shoals:2 | Reached skill level 14 in Spellcasting
 66013 | Shoals:3 | Reached skill level 14 in Dodging
 66393 | Shoals:4 | Entered Level 4 of the Shoals
 66393 | Shoals:4 | Found a blossoming altar of Fedhas.
 66418 | Shoals:4 | Paralysed by an air elemental for 1 turns
 66969 | Shoals:4 | HP: 5/159 [merfolk aquamancer/torrent of water (18)]
 66972 | Shoals:4 | Killed from afar by a merfolk aquamancer

Vanquished Creatures
  Rupert (D:12)
  A kraken (Shoals:2)
  Gastronok (Orc:1)
  Kirke (D:12)
  Donald (Spider:1)
  2 orc warlords
  4 emperor scorpions
  5 ghost moths
  2 broodmothers
  Nessos (D:13)
  A war gargoyle (D:15)
  4 dire elephants (Lair:5)
  2 spark wasps
  6 entropy weavers
  The ghost of Atont the Cleaver, a journeyman DDFi of Okawaru (Lair:4)
  Azrael (D:15)
  5 merfolk impalers
  Josephine (D:13)
  2 merfolk javelineers
  Harold (Lair:2)
  2 ice dragons (D:15)
  2 merfolk aquamancers
  4 hydras
  5 centaur warriors
  A merfolk avatar (Shoals:1)
  2 boulder beetles
  A radroach (Spider:4)
  2 catoblepae
  The ghost of Tonnatak the Grappler, a novice TrBe of Trog (D:8)
  3 jorogumos
  2 satyrs
  16 death yaks
  4 two-headed ogres
  5 tengu warriors
  3 orc high priests (Orc:2)
  Urug (Lair:5)
  A sun demon (Volcano)
  Sonja (Lair:5)
  5 skeletal warriors (D:15)
  A sun moth (Spider:4)
  3 sea snakes
  A spectral death yak (Lair:5)
  10 pharaoh ants
  2 steelbarb worms
  A spectral anaconda (Lair:5)
  7 orb spiders
  An obsidian statue (Lair:5)
  A wizard (D:12)
  A lindwurm (Lair:5)
  9 harpies
  20 wolf spiders
  10 orc knights
  2 deep elf pyromancers
  4 necromancers (Lair:5)
  10 manticores
  5 orc sorcerers
  11 ugly things
  5 fauns
  5 cyclopes
  24 elephants
  3 moths of wrath
  2 molten gargoyles (Volcano)
  7 water nymphs
  5 torpor snails
  15 cane toads
  7 merfolk sirens
  7 black mambas
  8 gargoyles (D:13)
  Maggie (Lair:2)
  4 unseen horror zombies (D:9)
  A kobold demonologist (D:13)
  2 unseen horrors (D:12)
  A yaktaur (D:12)
  An efreet (D:14)
  Psyche (D:10)
  6 demonic crawlers
  4 tengu conjurers
  2 rime drakes (Lair:2)
  9 komodo dragons
  A red devil (Volcano)
  6 meliai
  23 merfolk
  7 trolls
  2 polar bears
  7 wind drakes
  32 tarantellas
  Prince Ribbit (D:5)
  12 dream sheep
  8 hornets
  4 snapping turtles
  A slime creature (D:13)
  Sigmund (D:4)
  30 jumping spiders
  A shadow (D:11)
  A spriggan (Lair:1)
  3 fire elementals (D:15)
  2 air elementals
  Eustachio (D:4)
  28 culicivoras
  2 fire bats (Volcano)
  2 vampires
  6 wraiths
  A wyvern (Lair:5)
  16 humans
  10 water elementals
  68 yaks
  A steam dragon (D:7)
  3 hogs (D:12)
  90 redbacks
  15 vampire mosquitoes
  4 basilisks
  A basilisk (shapeshifter) (D:14)
  A death yak simulacrum (Lair:5)
  Edmund (D:4)
  A spectral cane toad (Lair:5)
  2 wargs (Orc:2)
  3 acid dragons
  3 hell hounds
  A water moccasin (shapeshifter) (D:12)
  Pargi (D:4)
  34 orc warriors
  19 water moccasins
  4 black bears
  3 ice beasts
  6 sky beasts
  21 wolves
  8 ogres
  10 centaurs
  7 kobold brigands
  An elephant skeleton (Lair:5)
  6 necrophages
  21 bullfrogs
  3 gnoll sergeants
  3 scorpions
  4 wights (D:8)
  An elephant simulacrum (Lair:5)
  6 killer bees (D:9)
  4 howler monkeys
  9 electric eels
  2 centaur zombies
  6 lava snakes (Volcano)
  Crazy Yiuf (D:3)
  4 hounds
  24 orc priests
  A gnoll bouda (D:9)
  A human zombie (D:9)
  2 jellies
  3 iguanas
  24 orc wizards
  4 hell rats (Lair:3)
  A killer bee zombie (D:9)
  2 howler monkey zombies
  A mummy (D:9)
  10 adders
  23 gnolls
  4 river rats (Sewer)
  A shadow imp (D:7)
  3 white imps
  An ufetubus (D:5)
  5 worms
  5 dart slugs
  76 orcs
  4 endoplasms
  4 giant cockroaches
  4 goblins
  8 hobgoblins
  A jackal (Sewer)
  27 kobolds
  2 quokkas
  4 ball pythons
  7 bats
  A frilled lizard (D:1)
  8 rats
  A ball lightning (Shoals:1)
  4 tentacles (Shoals:2)
1175 creatures vanquished.

Vanquished Creatures (collateral kills)
  11 ball lightnings
11 creatures vanquished.

Vanquished Creatures (others)
  4 humans (D:12)
  A kobold brigand (Sewer)
  An orc wizard (D:11)
  403 ball lightnings
  17 fulminant prisms
  32 fungi
  182 plants
  4 tentacles (Shoals:2)
  38 withered plants
682 creatures vanquished.

Grand Total: 1868 creatures vanquished
